 Dungeon Crawl Stone Soup version 0.25.1-2-g60ff931df9 (webtiles) character file.

Game seed: 12981270144625306196

108 lepoulpe303 the Shooter (level 4, 0/40 HPs)
             Began as a Draconian Hunter on Sept 29, 2020.
             Slain by Natasha (8 damage)
             ... on level 2 of the Dungeon.
             The game lasted 00:05:39 (2072 turns).

lepoulpe303 the Shooter (Draconian Hunter)          Turns: 2072, Time: 00:05:40

Health: 0/40       AC:  5    Str: 15    XL:     4   Next: 58%
Magic:  4/4        EV: 12    Int: 11    God:
Gold:   28         SH:  0    Dex: 12    Spells: 3/3 levels left

rFire    . . .     SeeInvis .   b - +0 short sword
rCold    . . .     Gourm    .   (no shield)
rNeg     . . .     Faith    .   (armour unavailable)
rPois    .         Spirit   .   (helmet restricted)
rElec    .         Reflect  .   (no cloak)
rCorr    .         Harm     .   (no gloves)
MR       .....                  (no boots)
Stlth    +.........             (no amulet)
HPRegen  0.13/turn              (no ring)
MPRegen  0.09/turn              (no ring)

@: slowed, very slow
A: unfitting armour, cold-blooded, AC +5
a: no special abilities


You were on level 2 of the Dungeon.
You were not hungry.

You visited 1 branch of the dungeon, and saw 2 of its levels.

You collected 28 gold pieces.

Inventory:

Hand Weapons
 a - a +1 shortbow
 b - a +0 short sword (weapon)
Missiles
 c - 2 javelins (quivered)
 h - 19 poisoned darts
 Q - 30 arrows
Scrolls
 g - 4 scrolls of random uselessness {unknown}
 i - 2 scrolls of enchant armour {unknown}
 j - a scroll of teleportation {unknown}
 m - a scroll of fog {unknown}
 n - a scroll of identify {unknown}
Potions
 f - a potion of might {unknown}
 k - 2 potions of haste {unknown}
 l - a potion of degeneration {unknown}
 o - a potion of stabbing {unknown}
Comestibles
 d - 3 chunks of flesh
 e - 2 rations


   Skills:
 * Level 3.7 Fighting
 * Level 4.4 Bows
 + Level 2.5 Dodging
 - Level 0.8 Stealth


You had 3 spell levels left.
You didn't know any spells.
Your spell library was empty.

Dungeon Overview and Level Annotations

Branches:
Dungeon (2/15)

Altars:

Annotations:
D:2 Natasha


Innate Abilities, Weirdness & Mutations

Your plain brown scales are hard. (AC +5)
You cannot fit into any form of body armour.
You are cold-blooded and may be slowed by cold attacks.


Message History

The hobgoblin hits you but does no damage.
The hobgoblin closely misses you.
The hobgoblin hits you from afar with a +0 spear.
* * * LOW HITPOINT WARNING * * *
You take 2 damage, and have 12/40 hp.
The hobgoblin closely misses you. The hobgoblin barely misses you.
The hobgoblin hits you but does no damage.
Natasha, Servant of Life and Death comes into view.
Natasha hisses angrily.
Natasha moves out of view.
Natasha casts a spell.
Natasha claws you but does no damage.
The hobgoblin hits you but does no damage.
Natasha claws you.
* * * LOW HITPOINT WARNING * * *
The crimson imp shouts, "Kneel, thou fulsome weather-bitten nert!"
The crimson imp hits you but does no damage.
Natasha claws you!
You die...

########.# #...........# ##...
.......#)# #.#.#######.# ....
####.....###.#.# #.#######...
...#.#.......#.# #........(..
##.#.#.........# #.##########
#.#.##.##############.........
#.#..............g....)..####
##.####.##........####.####
.#.# #.##......@h# #.# .#.#
#.##.......5# #.# .#.#
#.##........# #.#
.#.####.##.....)<.# #.# #####
........##........# #.###...#
........####....### #.......#
........# #....# #.......#
##.....## #....# #.......#
#.##### #....# #...(...#


You could see Natasha, a crimson imp (summoned) and a hobgoblin.

Levels and vault maps discovered:
D:1:      dpeg_arrival_orchard, layout_basic, serial_forest,
          infiniplex_forest_clump_small, infiniplex_forest_lined_room_,
          infiniplex_forest_clump_cross, infiniplex_forest_side_room,
          infiniplex_forest_clump_cross, infiniplex_forest_clump_small,
          infiniplex_forest_split
D:2:      layout_basic, uniq_natasha

Notes
Turn   | Place    | Note
-------+----------+-------------------------------------------
     0 | D:1      | lepoulpe303 the Draconian Hunter began the quest for the
                  | Orb.
     0 | D:1      | Reached XP level 1. HP: 17/17 MP: 1/1
    63 | D:1      | Identified a +0 short sword
    73 | D:1      | Identified a +1 shortbow
   109 | D:1      | Reached XP level 2. HP: 15/25 MP: 2/2
   138 | D:1      | Identified a +0 club
   179 | D:1      | Identified a +0 club
   180 | D:1      | Identified a +0 dagger
   186 | D:1      | Reached skill level 2 in Dodging
   568 | D:1      | Reached skill level 4 in Bows
   749 | D:1      | Identified a cursed -1 club
   797 | D:1      | Reached skill level 3 in Fighting
   797 | D:1      | Reached XP level 3. HP: 30/31 MP: 3/3
  1144 | D:2      | HP: 7/31 [poisoned by an adder]
  1412 | D:2      | Identified a +0 club
  1745 | D:2      | Reached XP level 4. HP: 38/38 MP: 4/4
  1907 | D:2      | Identified a +0 club
  1935 | D:2      | Identified a +0 dagger
  2042 | D:2      | Noticed Natasha
  2042 | D:2      | Identified a +0 club
  2047 | D:2      | Identified a +0 spear
  2059 | D:2      | Killed Natasha
  2069 | D:2      | Noticed Natasha
  2072 | D:2      | HP: 8/40 [Natasha (6)]
  2072 | D:2      | Slain by Natasha

Table legend:
 A = Turns spent in this place as a percentage of turns spent in the entire game.
 B = Non-inter-level travel turns spent in this place as a percentage of non-inter-level travel turns spent in the entire game.
 C = Inter-level travel turns spent in this place as a percentage of turns spent in this place.
 D = Turns resting spent in this place as a percentage of non-inter-level travel turns spent in this place.
 E = Turns spent auto-exploring this place as a percentage of non-inter-level travel turns spent in this place.
 F = Non-inter-level travel turns spent in this place divided by the number of levels of this place that you've seen.
                   A       B       C       D       E      F
               +-------+-------+-------+-------+-------+----------------------
         Total | 100.0 | 100.0 |   3.1 |  37.0 |  42.7 | 1003.5
       Dungeon | 100.0 | 100.0 |   3.1 |  37.0 |  42.7 | 1003.5
               +-------+-------+-------+-------+-------+----------------------

Table legend:
 A = Kills in this place as a percentage of kills in entire the game.
 B = Kills by you in this place as a percentage of kills by you in the entire game.
 C = Kills by friends in this place as a percentage of kills by friends in the entire game.
 D = Other kills in this place as a percentage of other kills in the entire game.
 E = Experience gained in this place as a percentage of experience gained in the entire game.
 F = Experience gained in this place divided by the number of levels of this place that you have seen.
                   A       B       C       D       E      F
               +-------+-------+-------+-------+-------+----------------------
         Total | 100.0 | 100.0 |   N/A |   N/A | 100.0 |  77.5
       Dungeon | 100.0 | 100.0 |   N/A |   N/A | 100.0 |  77.5
               +-------+-------+-------+-------+-------+----------------------

Skill      XL: |  1  2 |
---------------+-------+-----
Dodging        | 2 |  2.5
Bows           | 4 |  4.4
Fighting       | 3 |  3.7
Stealth        | |  0.8

Action                   |  1- 3 |  4- 6 || total
-------------------------+-------+-------++-------
Melee: Short sword       |   123 |    34 ||   157
       Tailslap          |     9 |     4 ||    13
 Fire: Shortbow          |    13 |     3 ||    16
 Stab: Sleeping          |     2 |     2 ||     4
  Eat: Ration            |     1 |       ||     1
Armor: Skin              |    41 |    18 ||    59
Dodge: Dodged            |    79 |    36 ||   115

Vanquished Creatures
  Natasha (D:2)
  4 adders
  2 dart slugs (D:1)
  3 leopard geckos (D:1)
  3 giant cockroaches
  6 goblins
  7 hobgoblins
  A quokka (D:2)
  6 bats
  2 frilled lizards
  3 kobolds
  4 rats
42 creatures vanquished.
